Map: [ESL] Solaris

Players

AqueroN

  • Race: Terran Terran
  • Spawn Location: 7:00

YoungYakov - Winner!

  • Race: Zerg Zerg
  • Spawn Location: 1:00

Event: ESL SC2 Masters 2023 Winter (Regional)

VOD

Have the link to the VOD?

Description

Time

  • Played on: Nov. 4, 2023, 11:18 a.m.
  • Length: 12:32

All games in this series

Show
View Real Time Build Order
Export as new Build Order

AqueroN Terran 

Build Orders:  

Get SALT Encoding   

  12  0:00  SCV  
  13  0:12  SCV  
  14  0:17  Supply Depot  
  14  0:24  SCV  
  15  0:39  SCV  
  15  0:40  Barracks  
  16  0:44  Refinery  
  16  0:51  SCV  
  17  1:00  Barracks  
  17  1:04  SCV  
  18  1:16  SCV  
  19  1:27  Reaper  
  19  1:28  Orbital Command  
  19  1:32  Supply Depot  
  20  1:47  Reaper  
  21  1:53  SCV  
  22  2:04  Reaper  
  23  2:09  Command Center  
  23  2:11  SCV  
  24  2:22  Reaper  
  25  2:23  SCV  
  25  2:28  Refinery  
  26  2:36  SCV  
  27  2:43  Barracks Reactor  
  27  2:48  SCV  
  28  2:54  Command Center  
  28  2:58  Barracks Tech Lab  
  28  3:01  SCV  
  28  3:03  Supply Depot  
  29  3:13  SCV  
  29  3:18  Marine  
  29  3:19  Marine  
  31  3:20  Marine  
  31  3:21  Factory  
  32  3:27  Orbital Command  
  32  3:30  SCV  
  33  3:35  Stimpack  
  33  3:38  Marine  
  33  3:40  Marine  
  35  3:43  SCV  
  35  3:47  Marine  
  37  3:56  SCV  
  37  4:01  SCV  
  39  4:05  Marine  
  39  4:09  SCV  
  38  4:10  Orbital Command  
  38  4:13  Cyclone  
  38  4:14  Cyclone  
  38  4:15  SCV  
  43  4:17  Barracks Reactor  
  43  4:23  Starport  
  43  4:25  SCV  
  43  4:27  Marine  
  43  4:28  SCV  
  46  4:35  Supply Depot  
  46  4:37  SCV x2  
  48  4:42  SCV  
  48  4:45  Marine  
  49  4:46  Hellion x2  
  55  4:52  SCV  
  55  4:53  SCV  
  55  4:54  Marine x2  
  58  5:01  Medivac  
  58  5:03  Marine  
  58  5:04  SCV  
  58  5:06  Barracks, Refinery  
  62  5:12  Marine x2  
  64  5:16  Combat Shield  
  64  5:20  Armory, SCV x2  
  64  5:21  Marine  
  66  5:22  SCV  
  66  5:23  Supply Depot  
  66  5:24  Hellion  
  66  5:25  Hellion  
  72  5:29  Marine  
  72  5:30  Marine  
  72  5:31  Starport Reactor  
  72  5:34  Orbital Command, SCV x2  
  76  5:38  Supply Depot  
  76  5:41  Marine  
  77  5:46  Hellion x2  
  77  5:47  Marine x2  
  83  5:50  SCV x2  
  85  5:57  Barracks Reactor  
  85  6:02  Supply Depot x2, SCV x2  
  87  6:06  Marine x3  
  87  6:08  Hellion  
  92  6:14  Medivac  
  92  6:15  Hellion, Medivac  
  98  6:24  Engineering Bay x2  
  99  6:25  SCV x2  
  99  6:26  SCV  
  99  6:30  Marine  
  99  6:32  Hellion  
  100  6:36  Hellion  
  100  6:38  Marine  
  101  6:42  SCV  
  101  6:44  Medivac  
  101  6:45  Medivac  
  105  6:47  SCV  
  105  6:54  SCV x2  
  107  6:59  SCV  
  107  7:00  Terran Infantry Weapons Level 1, Terran Infantry Armor Level 1, Marine x3  
  106  7:10  Marine  
  107  7:16  Marine  
  107  7:17  Marine  
  107  7:18  Hellion x2, Marine  
  107  7:19  SCV  
  107  7:21  Supply Depot x2  
  87  7:40  Marine x5  
  87  7:42  SCV x2  
  87  7:43  Hellion x2  
  91  7:45  Barracks x2  
  91  7:47  SCV  
  90  7:54  SCV x2  
  92  7:59  SCV  
  92  8:04  Marine  
  92  8:05  Marine x4  
  98  8:06  SCV x2  
  98  8:11  Hellion x2, SCV  
  102  8:19  Liberator x2  
  102  8:22  SCV x2  
  102  8:23  Barracks  
  102  8:24  Barracks  
  110  8:30  Marine  
  110  8:32  Marine, SCV  
  109  8:34  SCV x2  
  109  8:36  Marine x3  
  109  8:37  Barracks Reactor x2  
  109  8:40  Barracks  
  105  8:42  Supply Depot  
  105  8:46  Widow Mine  
  105  8:47  Widow Mine  
  98  8:48  SCV x2, Marine  
  98  8:49  SCV  
  98  8:50  Marine  
  98  8:53  Marine  
  98  8:54  Marine x2  
  106  8:56  Terran Infantry Weapons Level 2, Terran Infantry Armor Level 2  
  106  8:59  Bunker, Refinery x2  
  106  9:00  Supply Depot  
  106  9:06  Marine  
  106  9:08  Marine, Widow Mine x2  
  112  9:11  Marine x2  
  114  9:21  Marine x4  
  114  9:23  Barracks Tech Lab x2, Refinery  
  120  9:24  Marauder  
  120  9:26  SCV x2  
  120  9:29  Widow Mine x2  
  120  9:30  Supply Depot  
  126  9:37  Marine x3  
  129  9:39  SCV x2  
  129  9:40  SCV  
  129  9:45  Marine x3  
  132  9:49  Marine x3  
  132  9:51  Widow Mine x2  
  132  9:52  Liberator x2  
  145  10:01  Command Center  
  145  10:02  Supply Depot, Marine x3  
  145  10:03  Marauder x2  
  145  10:04  Barracks  
  152  10:08  Marauder  
  154  10:16  Factory  
  154  10:21  Marine x3  
  154  10:23  Marine x4  
  160  10:31  Marine x2  
  143  10:38  Widow Mine, Marine x2  
  143  10:39  Marine x2, Widow Mine  
  143  10:40  SCV x2  
  124  10:43  Marine  
  122  10:50  Marine x3  
  122  10:51  Marine x2  
  122  10:55  Medivac x2  
  125  11:00  Widow Mine x2  
  125  11:03  Marine x2  
  131  11:08  Marine x2  
  131  11:09  Marine x2  
  131  11:10  Marine x2, Marauder x3  
  142  11:21  Marine x2  
  142  11:22  Widow Mine x2  
  148  11:26  Widow Mine  
  148  11:28  Orbital Command  
  148  11:30  Marine x2  
  152  11:39  Medivac x2  
  156  11:40  Marine  
  157  11:56  Marine x3  
  157  12:00  Widow Mine  
  156  12:04  Marine  
  157  12:14  Marine  
Show
View Real Time Build Order
Export as new Build Order

YoungYakov Zerg - Winner!

Build Orders: Pool First 

Get SALT Encoding   

  12  0:00  Drone  
  13  0:12  Overlord  
  13  0:16  Drone  
  14  0:30  Drone x2  
  14  0:34  Drone  
  17  0:44  Spawning Pool  
  17  0:46  Drone  
  17  0:56  Drone  
  18  1:10  Hatchery  
  17  1:12  Extractor  
  16  1:30  Zergling x4  
  16  1:31  Zergling x2, Queen  
  21  1:41  Overlord  
  21  1:52  Drone  
  22  2:04  Drone  
  22  2:06  Queen  
  25  2:20  Metabolic Boost  
  25  2:23  Drone x2, Queen  
  29  2:32  Drone  
  30  2:43  Drone x2  
  32  2:46  Overlord  
  32  2:47  Drone x3  
  35  2:57  Drone x2  
  35  3:07  Hatchery  
  35  3:10  Drone  
  35  3:14  Zergling x2  
  35  3:18  Zergling x4  
  38  3:21  Queen  
  38  3:25  Overlord  
  40  3:27  Drone  
  40  3:29  Drone  
  40  3:31  Zergling x2  
  43  3:34  Overlord  
  43  3:41  Overlord  
  43  3:44  Drone x2  
  43  3:45  Drone  
  46  3:56  Drone x3  
  49  4:05  Drone x3  
  49  4:07  Queen  
  49  4:09  Extractor  
  54  4:10  Drone x2  
  54  4:13  Evolution Chamber x2  
  53  4:19  Drone, Queen  
  53  4:20  Drone  
  57  4:26  Drone x3  
  60  4:33  Baneling Nest  
  60  4:35  Drone  
  60  4:36  Drone x2  
  62  4:40  Zerg Ground Armor Level 1  
  62  4:41  Overlord  
  62  4:46  Drone x3  
  62  4:50  Drone x2  
  62  4:51  Drone  
  68  4:53  Drone x2  
  68  4:57  Overlord  
  70  5:00  Zerg Melee Weapons Level 1  
  70  5:04  Drone  
  70  5:06  Zergling x8  
  74  5:11  Zergling x4  
  76  5:17  Lair  
  76  5:18  Drone, Extractor  
  76  5:21  Drone x2, Overlord x2  
  78  5:24  Drone  
  78  5:27  Spore Crawler x2  
  77  5:30  Zergling x6  
  77  5:35  Drone  
  81  5:36  Drone  
  81  5:42  Zergling x8  
  86  5:45  Baneling x4  
  86  5:46  Zergling x2  
  86  5:50  Overlord, Hatchery  
  86  5:52  Zergling x6  
  86  5:55  Zergling x6  
  90  5:57  Baneling x3  
  90  6:01  Pneumatized Carapace  
  90  6:08  Drone x2  
  90  6:09  Drone x6  
  98  6:15  Centrifugal Hooks  
  98  6:23  Drone x5  
  96  6:41  Drone, Baneling x2  
  96  6:42  Drone x5, Overlord  
  96  6:43  Overlord  
  96  6:45  Zerg Ground Armor Level 2  
  101  6:47  Hatchery  
  101  6:50  Zergling x8  
  101  6:56  Zergling x4  
  101  6:59  Zerg Melee Weapons Level 2  
  101  7:00  Zergling x2  
  103  7:02  Hatchery  
  103  7:03  Queen  
  103  7:04  Extractor  
  103  7:05  Zergling x4  
  103  7:06  Queen  
  103  7:08  Zergling x4  
  109  7:14  Baneling x3  
  109  7:15  Baneling x2  
  106  7:16  Zergling x10  
  106  7:19  Drone  
  106  7:21  Zergling x6  
  115  7:23  Baneling x3  
  115  7:27  Zergling x6  
  110  7:32  Zergling x4  
  99  7:39  Zergling x8, Queen x2  
  99  7:43  Baneling x4  
  103  7:44  Zergling x10, Queen  
  103  7:45  Queen  
  103  7:47  Zergling x8  
  103  7:48  Zergling x2  
  113  7:57  Zergling x6  
  108  8:01  Baneling x4  
  108  8:03  Zergling x4  
  108  8:05  Zergling x2  
  103  8:12  Zergling x12, Queen  
  98  8:15  Queen x2  
  98  8:18  Baneling x2  
  98  8:19  Baneling x3  
  103  8:20  Queen  
  103  8:21  Zergling x8  
  103  8:24  Zergling x8  
  110  8:33  Zergling x12  
  111  8:39  Zergling x12  
  111  8:48  Hatchery  
  109  8:51  Zergling x8  
  109  8:54  Zergling x6  
  109  8:55  Zergling x2  
  117  9:03  Zergling x2  
  117  9:04  Zergling x12  
  117  9:07  Baneling x7  
  124  9:12  Zergling x6  
  124  9:14  Baneling x3  
  127  9:17  Zergling x4  
  127  9:21  Baneling x5  
  128  9:24  Zergling x6  
  128  9:25  Baneling x4  
  128  9:29  Zergling x6  
  134  9:33  Overlord x2  
  134  9:40  Spore Crawler  
  128  9:50  Zergling x16, Hydralisk Den  
  132  9:55  Zergling x14  
  132  9:59  Zergling x10  
  144  10:06  Zergling x12  
  150  10:15  Overlord  
  150  10:16  Overlord x4  
  150  10:17  Baneling x2  
  150  10:19  Baneling x5  
  133  10:37  Overseer  
  133  10:38  Zergling x36  
  133  10:42  Zergling x8  
  146  10:45  Baneling x4  
  146  10:46  Zergling x4, Baneling x2  
  142  10:51  Zergling x4  
  137  11:02  Zergling x10  
  137  11:03  Zergling x6  
  141  11:06  Burrow  
  141  11:11  Muscular Augments  
  141  11:14  Hydralisk  
  141  11:15  Hydralisk x6  
  141  11:17  Baneling x5  
  155  11:23  Hydralisk  
  155  11:24  Hydralisk x2  
  161  11:30  Baneling x3  
  161  11:31  Baneling x2  
  161  11:34  Overseer  
  161  11:36  Drone  
  161  11:37  Drone x8  
  170  11:43  Drone x2  
  170  11:44  Overlord x2  
  172  11:49  Overlord x2  
  172  11:59  Hydralisk x3  
  171  12:02  Zergling x2  
  171  12:03  Zergling x12  
  171  12:04  Zergling x2  
  171  12:05  Zergling x10  
  171  12:07  Baneling x3  
  171  12:08  Baneling x4  
  184  12:11  Zergling x8  
Tags
 
Add a new tag
Caveats
  • Supply blocks, unpowered buildings, or Contaminate may cause inaccurate times.
  • Supply counts are checked every 10 seconds.